Cogmind - Beta 16.1 @@@ ROGUE MODE // 2026.02.27 @ 23:09:03 Player: APerTAS Result: Core destroyed Performance ------------- Evolutions (4) 2000 Regions Visited (6) 1200 Robots Destroyed (24) 120 Value Destroyed (772) 772 Prototype IDs (3) 60 Alien Tech Used (0) 0 Bonus (470) 470 TOTAL SCORE: 4622 Bonus ------- Pacifist 470 Cogmind --------- Core Integrity 0/850 Matter 300/300 Energy 100/100 System Corruption 35% Temperature Cool (0) Movement Core (50) Location -6/Extension Parts ------- > --- POWER (2) -------- (None) > --- PROPULSION (5) --- (None) > --- UTILITY (6) ------ (None) > --- WEAPON (2) ------- (None) > --- INVENTORY (5) ---- Light Fission Core Armored Wheel System Shield Dynamic Insulation System Advanced EMP Blaster Peak State ------------ > --- POWER ------------ Micro Nuclear Core Light Angular Momentum Engine > --- PROPULSION ------- VTOL Module VTOL Module VTOL Module Nuclear Pulse Thruster Nuclear Pulse Thruster > --- UTILITY ---------- Improved Heat Sink Weight Redist. System Seismic Detector Core Analyzer Hacking Suite Hacking Suite > --- WEAPON ----------- Cooled Particle Cannon Power Sword > --- INVENTORY -------- Improved Deuterium Engine Light Fission Core Armored Wheel Dynamic Insulation System Advanced EMP Blaster [Rating: 52] Favorites ----------- Power Micro Nuclear Core Engine Light Angular Momentum Engine Power Core Micro Nuclear Core Propulsion VTOL Module Wheel Armored Wheel Flight Unit VTOL Module Utility Hacking Suite Device Weight Redist. System Processor Core Analyzer Hackware Hacking Suite Weapon Great Axe Energy Gun Advanced Beam Rifle Energy Cannon Cooled Particle Cannon Ballistic Gun Autogun Launcher Advanced EMP Blaster Slashing Weapon Great Axe Build | -11 -10 -9 -8 -7 -6 -6 ------- Run | Yrd Mat Mat Mat Fac Fac Ext Slots Evolved 8 | . . 2 2 2 2 . Power 1 | . . . 1 . . . Propulsion 3 | . . 2 1 . . . Utility 4 | . . . . 2 2 . Weapon . | . . . . . . . Parts Attached 41 | . . . 9 6 26 . Power 7 | . . . 2 . 5 . Engine 3 | . . . 1 . 2 . Core 4 | . . . 1 . 3 . Reactor . | . . . . . . . Propulsion 16 | . . . 1 3 12 . Treads . | . . . . . . . Leg . | . . . . . . . Wheel 1 | . . . . 1 . . Hover . | . . . . . . . Flight 15 | . . . 1 2 12 . Utility 9 | . . . 3 2 4 . Device 4 | . . . 1 . 3 . Storage . | . . . . . . . Processor 3 | . . . 1 1 1 . Hackware 2 | . . . 1 1 . . Protection . | . . . . . . . Artifact . | . . . . . . . Weapon 9 | . . . 3 1 5 . Energy Gun 1 | . . . . 1 . . Energy Cannon 2 | . . . . . 2 . Ballistic Gun 1 | . . . . . 1 . Ballistic Cannon . | . . . . . . . Launcher 2 | . . . 1 . 1 . Special Weapon . | . . . . . . . Impact Weapon . | . . . . . . . Slashing Weapon 3 | . . . 2 . 1 . Piercing Weapon . | . . . . . . . Special Melee Weapon . | . . . . . . . Unidentified Prototypes 3 | . . . 1 1 1 . Parts Lost 14 | . . . . 3 4 7 Power 2 | . . . . . 1 1 Propulsion 7 | . . . . 2 1 4 Utility 3 | . . . . . 2 1 Weapon 2 | . . . . 1 . 1 Highest Loss Streak 7 | . . . . 3 3 7 To Critical Strikes . | . . . . . . . Average Backups 3 | . . . 3 4 4 5 Power 1 | . . . . 1 1 1 Propulsion . | . . . . . . 1 Utility 1 | . . . 1 2 1 2 Weapon . | . . . . 1 . 1 Tool/Special . | . . . . . . . Unused Backups 12 | . . . 3 3 3 3 Power 4 | . . . 1 . 2 1 Propulsion 1 | . . . 1 . . . Utility 7 | . . . 1 3 1 2 Weapon . | . . . . . . . Tool/Special . | . . . . . . . Average Slot Usage (%) 53 | . . . 32 62 86 63 Engine 1 | . . . 2 . 2 4 Core 4 | . . . 2 7 6 3 Flight 12 | . . . 5 13 23 19 Device 8 | . . . 4 7 19 9 Processor 4 | . . . 2 6 6 9 Hackware 10 | . . . 6 14 13 8 Energy Gun 1 | . . . . 4 2 . Energy Cannon 1 | . . . . . 4 3 Slashing Weapon 4 | . . . 6 5 3 4 Peak Build Rating 52 | . . . 16 30 52 48 Average Rating 22 | . . . 9 25 42 29 On Entrance 12 | . . . . 15 25 48 Avg Prop Armor Cover (%) 10 | . . . . 12 10 . Naked Turns 297 | . 108 102 57 . . 30 Heaviest Build 29 | . . . 10 12 29 28 Greatest Support 33 | 3 3 3 10 18 33 32 Greatest Overweight (x) . | . . . . . . . Average Overweight (x) . | . . . . . . . Largest Inventory Capacity 5 | 5 5 5 5 5 5 5 Average Capacity 5 | 5 5 5 5 5 5 5 Most Carried 5 | . . . 5 5 5 5 Average Carried 3 | . . . 3 4 4 5 Final Capacity 5 | 5 5 5 5 5 5 5 Final Carried 5 | . . . 5 5 5 5 Class Distribution -------------------- 38% | Mutant 26% | Hacker-Mutant 21% | Scavenger-Sprinter 12% | Hacker-Sprinter Dominant Class ---------------- Mutant | -10/Materials Mutant | -9/Materials Mutant | -8/Materials Hacker-Mutant | -7/Factory Scavenger-Sprinter | -6/Factory Scavenger-Sprinter | -6/Extension Resources | -11 -10 -9 -8 -7 -6 -6 ----------- Run | Yrd Mat Mat Mat Fac Fac Ext Matter Collected 645 | 128 . . 162 60 295 . Remotely . | . . . . . . . Salvage Created 965 | . . . 245 191 459 70 Parts 56 | . . . 16 7 28 5 Haulers Intercepted 2 | . . . 1 . 1 . Recyclers Shooed . | . . . . . . . Parts Field Recycled . | . . . . . . . Retrieved Matter . | . . . . . . . Parts Self-Destructed . | . . . . . . . Prevented . | . . . . . . . Parts Restored . | . . . . . . . Kills | -11 -10 -9 -8 -7 -6 -6 ------- Run | Yrd Mat Mat Mat Fac Fac Ext Combat Hostiles Destroyed 19 | . . . 6 3 9 1 Melee 16 | . . . 6 2 7 1 Guns 1 | . . . . 1 . . Cannons 2 | . . . . . 2 . Classes Destroyed 7 | . . . 4 1 2 . Hauler 2 | . . . 1 . 1 . Operator 2 | . . . . 1 1 . Watcher 1 | . . . . . 1 . Swarmer 10 | . . . 3 . 7 . Grunt 4 | . . . 2 2 . . Sentry 4 | . . . 1 1 1 1 Hunter 1 | . . . . . 1 . Best Kill Streak 5 | . . . 4 1 5 1 Combat Bots Only 5 | . . . 4 1 5 1 Max Kills in Single Turn 1 | . . . 1 1 1 1 Gunslinging . | . . . . . . . Exploded . | . . . . . . . Melee 1 | . . . 1 1 1 1 Uniques/NPCs Destroyed . | . . . . . . . Combat | -11 -10 -9 -8 -7 -6 -6 -------- Run | Yrd Mat Mat Mat Fac Fac Ext Hostile Shots Fired 289 | . 17 33 14 98 73 54 Missed 108 | . 8 9 3 38 26 24 Hits 181 | . 9 24 11 60 47 30 Projectile 181 | . 9 24 11 60 47 30 Critical Strikes 1 | . . . . . 1 . Damage Taken 2544 | . 101 302 121 495 650 875 Core 1566 | . 101 302 77 232 142 712 Absorbed by Shields . | . . . . . . . Regen/Repaired (Parts) 18 | . . . . . 18 . Core Remaining (%) 67 | 100 59 24 86 66 . . Volleys Fired 23 | . . . . 8 15 . Largest 1 | . . . . 1 1 . Hottest 61 | . . . . 61 61 . Shots Fired 23 | . . . . 8 15 . Gun 14 | . . . . 8 6 . Cannon 9 | . . . . . 9 . Launcher . | . . . . . . . Special . | . . . . . . . Kinetic . | . . . . . . . Thermal 23 | . . . . 8 15 . Explosive . | . . . . . . . Electromagnetic . | . . . . . . . Robot Hit Streak 23 | . . . . 8 23 . Robot Miss Streak . | . . . . . . . Penetration Max . | . . . . . . . Secondary Targets . | . . . . . . . Shots Hit Robots 65 | . . . 10 20 27 8 Core Hits 30 | . . . 7 5 16 2 Critical Kills . | . . . . . . . Critical Parts Destroyed . | . . . . . . . Critical Strikes 6 | . . . 2 1 1 2 Burn 1 | . . . . . 1 . Sever 5 | . . . 2 1 . 2 Melee Attacks 61 | . . . 13 17 23 8 Impact . | . . . . . . . Slashing 61 | . . . 13 17 23 8 Piercing . | . . . . . . . Sneak Attacks 2 | . . . 1 1 . . Combat Hostiles . | . . . . . . . Follow-up Attacks . | . . . . . . . Damage Inflicted 2508 | . 6 9 345 724 920 504 Guns 280 | . . . . 160 120 . Cannons 246 | . . . . . 246 . Explosions . | . . . . . . . Melee 1781 | . . . 345 564 554 318 Ramming 201 | . 6 9 . . . 186 Kinetic . | . . . . . . . Thermal 526 | . . . . 160 366 . Explosive . | . . . . . . . Electromagnetic . | . . . . . . . Impact . | . . . . . . . Slashing 1781 | . . . 345 564 554 318 Piercing . | . . . . . . . Highest Corruption 35 | . 5 . . . . 35 Average Corruption 10 | . 4 . . . . 17 Corruption Purged . | . . . . . . . Corruption Blocked . | . . . . . . . Effects 2 | . . . . . . 2 Message Errors 1 | . . . . . . 1 Data Loss (minor) 1 | . . . . . . 1 Overload Shots . | . . . . . . . Overflow Damage 101 | . . . . 71 30 . Projectiles . | . . . . . . . Explosions . | . . . . . . . Melee 101 | . . . . 71 30 . Knockbacks . | . . . . . . . Impact . | . . . . . . . Kinetic . | . . . . . . . Secondary . | . . . . . . . Self-Inflicted Damage 193 | . 3 4 . . . 186 Shots . | . . . . . . . Rammed 3 | . 1 2 . . . . Targets Rammed 3 | . 1 2 . . . . Kicked . | . . . . . . . Crushed . | . . . . . . . Highest Temperature 139 | . . . . 139 . . Average Temperature 78 | . . . . 78 . . Received Heat Transfer 477 | . 39 135 54 165 18 66 Siege Activations . | . . . . . . . Martial Activations . | . . . . . . . Shielding Activations . | . . . . . . . Robots Disrupted . | . . . . . . . Combat Hostiles . | . . . . . . . Robots Corrupted . | . . . . . . . Combat Hostiles . | . . . . . . . Parts Fried . | . . . . . . . Impact Corruptions . | . . . . . . . Robots Melted . | . . . . . . . Combat Hostiles . | . . . . . . . Parts Melted 2 | . . . . 2 . . Heat Transferred 925 | . . . . 296 629 . Parts Sabotaged . | . . . . . . . Parts Stolen . | . . . . . . . Parts Stripped . | . . . . . . . Power Chain Reactions . | . . . . . . . Alert | -11 -10 -9 -8 -7 -6 -6 ------- Run | Yrd Mat Mat Mat Fac Fac Ext Maximum Alert Level . | . . . . . . . Low Security (%) 100 | 100 100 100 100 100 100 100 Level 1 . | . . . . . . . Level 2 . | . . . . . . . Level 3 . | . . . . . . . Level 4 . | . . . . . . . Level 5 . | . . . . . . . High Security . | . . . . . . . Max Security . | . . . . . . . Peak Influence 177 | . . 30 118 60 177 77 Initial 77 | . . . 3 25 . 77 Average 29 | . . 5 55 17 31 46 Influence Increases 782 | . . 30 228 168 326 30 Destroy 0b10 Robot/C 380 | . . . 120 60 180 20 Destroy 0b10 Robot/NC 25 | . . . 5 5 15 . Destroy Leader 76 | . . . 22 10 34 10 Successful Hack 63 | . . . 36 16 11 . Select Force Hacks 50 | . . . . . 50 . Disable Machine 15 | . . . 15 . . . Destroy Structure 8 | . . . . 2 6 . Partial Spotted 30 | . . . . 15 15 . Lose Combat Pursuer 135 | . . 30 30 60 15 . Influence Decreases 772 | . . 20 180 226 167 179 Entered New Map 122 | . . . 7 33 . 82 Time Decay 533 | . . 20 173 193 107 40 Lost Part 97 | . . . . . 40 57 Lost Ally 20 | . . . . . 20 . Squads Dispatched 14 | . 1 2 2 3 6 . Investigation 4 | . 1 . 1 1 1 . Extermination 2 | . . . . 1 1 . Reinforcement 8 | . . 2 1 1 4 . Assault . | . . . . . . . Garrison . | . . . . . . . Intercept . | . . . . . . . Searches Triggered . | . . . . . . . Construction Impeded 1 | . . . . . 1 . Haulers Reinforced 1 | . . . . . 1 . Active Scanning Responses . | . . . . . . . Cargo Convoy Interrupts . | . . . . . . . Stealth | -11 -10 -9 -8 -7 -6 -6 --------- Run | Yrd Mat Mat Mat Fac Fac Ext Distress Signals 2 | . . . 1 1 . . Communications Jammed . | . . . . . . . Distress Signals . | . . . . . . . Times Spotted 58 | . 5 12 9 10 20 2 Peak Tracking Total 9 | . 5 9 4 7 6 2 Tactical Retreats 5 | . . 1 1 2 1 . Traps | -11 -10 -9 -8 -7 -6 -6 ------- Run | Yrd Mat Mat Mat Fac Fac Ext Traps Triggered 6 | . 4 . 1 . . 1 Indirectly . | . . . . . . . Trap Hack Attempts . | . . . . . . . Triggered . | . . . . . . . Disarmed . | . . . . . . . Reprogrammed 5 | . . . . 5 . . Reused . | . . . . . . . Traps Extracted . | . . . . . . . Installed . | . . . . . . . Triggered . | . . . . . . . Machines | -11 -10 -9 -8 -7 -6 -6 ---------- Run | Yrd Mat Mat Mat Fac Fac Ext Machines Disabled 1 | . . . 1 . . . Max in Single Turn 1 | . . . 1 . . . Garrison Access 2 | . . . 1 . 1 . Machines Repaired . | . . . . . . . Machines Dismantled . | . . . . . . . Machines Sabotaged . | . . . . . . . Overloaded Fab Kills . | . . . . . . . Hacking | -11 -10 -9 -8 -7 -6 -6 --------- Run | Yrd Mat Mat Mat Fac Fac Ext Machines Accessed 21 | . . . 7 7 7 . Terminals 6 | . . . 3 2 1 . Fabricators 5 | . . . . 4 1 . Repair Stations 1 | . . . . . 1 . Recycling Units 5 | . . . 2 1 2 . Scanalyzers 2 | . . . 1 . 1 . Garrison Access 2 | . . . 1 . 1 . Total Hacks 57 | . . . 24 20 13 . Successful 37 | . . . 13 11 13 . Failed 20 | . . . 11 9 . . Catastrophic 2 | . . . 2 . . . Database Lockouts . | . . . . . . . Manual 30 | . . . 16 10 4 . Terminals 28 | . . . 14 13 1 . Fabricators 6 | . . . . 5 1 . Repair Stations 2 | . . . . . 2 . Recycling Units 15 | . . . 8 2 5 . Scanalyzers 4 | . . . 1 . 3 . Garrison Access 2 | . . . 1 . 1 . Terminal Hacks 12 | . . . 6 5 1 . Part Schematic 1 | . . . 1 . . . Robot Analysis 3 | . . . 2 1 . . Open DSF 1 | . . . . . 1 . Terminal Index 2 | . . . 1 1 . . Locate Traps 1 | . . . . 1 . . Reprogram Traps 1 | . . . . 1 . . Hauler Manifests 1 | . . . 1 . . . Registered Components 2 | . . . 1 1 . . Fabricator Hacks 4 | . . . . 4 . . Load Schematic 1 | . . . . 1 . . Build 3 | . . . . 3 . . Repair Station Hacks 2 | . . . . . 2 . Scan Component 1 | . . . . . 1 . Repair 1 | . . . . . 1 . Recycling Unit Hacks 4 | . . . 2 . 2 . Report Inventory 4 | . . . 2 . 2 . Scanalyzer 4 | . . . 1 . 3 . Retrieve Study 4 | . . . 1 . 3 . Garrison Access Hacks 2 | . . . 1 . 1 . Seal Access 2 | . . . 1 . 1 . Unauthorized Hacks 9 | . . . 3 2 4 . Terminals 3 | . . . 1 2 . . Track 1 | . . . . 1 . . Botnet 2 | . . . 1 1 . . Fabricators 1 | . . . . . 1 . Overload 1 | . . . . . 1 . Repair Stations . | . . . . . . . Recycling Units 5 | . . . 2 . 3 . Reject 2 | . . . 1 . 1 . Mask 3 | . . . 1 . 2 . Scanalyzers . | . . . . . . . Garrison Access . | . . . . . . . Data Cores Recovered 2 | . . . . 1 1 . Used . | . . . . . . . Hacking Detections 15 | . . . 6 6 3 . Full Trace Events 1 | . . . . 1 . . Feedback Events . | . . . . . . . Feedback Blocked . | . . . . . . . Robot Schematics Acquired . | . . . . . . . Robots Built 3 | . . . . 3 . . Authchips . | . . . . . . . Time 183 | . . . . 183 . . Total Robot Build Rating 11 | . . . . 11 . . Part Schematics Acquired 1 | . . . 1 . . . Parts Built 2 | . . . . 2 . . Authchips . | . . . . . . . Time 62 | . . . . 62 . . Total Part Build Rating 4 | . . . . 4 . . Part Studies Acquired 4 | . . . 1 . 3 . Parts Repaired 1 | . . . . . 1 . Time 16 | . . . . . 16 . Parts Recycled . | . . . . . . . Recycled Matter . | . . . . . . . Retrieved Matter . | . . . . . . . Retrieved Components . | . . . . . . . Parts Scanalyzed . | . . . . . . . Part Schematics Acquired . | . . . . . . . Parts Damaged . | . . . . . . . Bothacking | -11 -10 -9 -8 -7 -6 -6 ------------ Run | Yrd Mat Mat Mat Fac Fac Ext Used RIF Installer . | . . . . . . . Robots Hacked . | . . . . . . . Non-combat . | . . . . . . . Combat . | . . . . . . . Robot Hacks Applied . | . . . . . . . Relay Couplers Released 2 | . . . . . 2 . Machine Destruction 2 | . . . . . 2 . Fabnet Peak Effective % . | . . . . . . . Robots Rewired . | . . . . . . . Allies Hacked . | . . . . . . . Hacks Repelled . | . . . . . . . Allies | -11 -10 -9 -8 -7 -6 -6 -------- Run | Yrd Mat Mat Mat Fac Fac Ext Total Allies 3 | . . . . 3 . . Largest Group 3 | . . . . 3 2 . Highest-Rated Group 90 | . . . . 90 58 . Highest-Rated Ally 32 | . . . . 32 32 . Total Orders . | . . . . . . . Ally Attacks 4 | . . . . 1 3 . Total Damage 95 | . . . . 13 82 . Kills . | . . . . . . . Allies Corrupted . | . . . . . . . Allies Melted . | . . . . . . . Intel | -11 -10 -9 -8 -7 -6 -6 ------- Run | Yrd Mat Mat Mat Fac Fac Ext Active Infowar (turns) 503 | . . . 133 . 370 . Optics 133 | . . . 133 . . . Seismic 370 | . . . . . 370 . Robot Analysis Total 3 | . . . 2 1 . . Derelict Logs Recovered . | . . . . . . . Drone Launches . | . . . . . . . Drone Recoveries . | . . . . . . . Exploration | -11 -10 -9 -8 -7 -6 -6 ------------- Run | Yrd Mat Mat Mat Fac Fac Ext Turns Passed 1719 | 10 108 102 428 561 423 87 Spaces Moved 2759 | 20 111 171 696 913 821 27 Core 509 | 20 111 171 207 . . . Treads . | . . . . . . . Legs . | . . . . . . . Wheels . | . . . . . . . Hover . | . . . . . . . Flight 2250 | . . . 489 913 821 27 Fastest Speed 23 | 50 50 50 40 30 23 24 Average Speed 36 | 50 50 50 42 35 29 24 Slowest Speed 50 | 50 50 50 50 40 40 24 Overloaded Moves . | . . . . . . . Propulsion Burnouts . | . . . . . . . Robots Hopped 1 | . . . . . 1 . Potential Cave-ins . | . . . . . . . Cave-ins Triggered . | . . . . . . . Exploration Rate (%) 22 | 4 30 26 47 23 22 8 Regions Visited 6 Branch Regions 1 Pre-discovered Areas . | . . . . . . . Known Exits Taken . | . . . . . . . Unknown Exits Taken 6 | 1 1 1 1 1 1 . Scrap Searched . | . . . . . . . Spaces Dug 8 | . . . . 2 6 . Terrain Destroyed 8 | . . . . 2 6 . Melee 8 | . . . . 2 6 . Projectile . | . . . . . . . AOE . | . . . . . . . Terrain Rammed 31 | . . . . . . 31 Walls Destroyed . | . . . . . . . Machines Disabled . | . . . . . . . Actions | -11 -10 -9 -8 -7 -6 -6 --------- Run | Yrd Mat Mat Mat Fac Fac Ext Total 3334 | 19 162 186 804 1113 955 95 Wait 356 | . 51 14 69 161 46 15 Move 2751 | 19 110 170 695 912 818 27 Hop 1 | . . . . . 1 . Pick Up 19 | . . . 9 4 6 . Fast Attach 24 | . . . 9 5 10 . Attach 6 | . . . 1 2 3 . Detach 3 | . . . 1 1 1 . Swap 17 | . . . . . 17 . Drop 25 | . . . 7 3 15 . Fire 23 | . . . . 8 15 . Melee 61 | . . . 13 17 23 8 Ram 33 | . 1 2 . . . 30 Kick . | . . . . . . . Crush . | . . . . . . . Escape Stasis 15 | . . . . . . 15 Rewire . | . . . . . . . Trap . | . . . . . . . Miscellaneous . | . . . . . . . Route ------- -11/Scrapyard -10/Materials -9/Materials -8/Materials -7/Factory (discovered 2 exits: *Fac / [*Low]) -6/Factory -6/Extension History --------- Turn | Location | Event 4 | -11/Scrapyard | Discovered new exit (range 16) 11 | -11/Scrapyard | Entered Materials 108 | -10/Materials | Discovered new exit (range 15) 119 | -10/Materials | Entered another Materials area 119 | -9/Materials | Evolved 2 slots: Propulsion x2 171 | -9/Materials | Core integrity fell below 50% 215 | -9/Materials | Discovered new exit (range 15) 221 | -9/Materials | Entered another Materials area 221 | -8/Materials | Evolved 2 slots: Power x1, Propulsion x1 337 | -8/Materials | Build established: Mutant 456 | -8/Materials | Met 7R-MNS 509 | -8/Materials | Discovered new exit (range 8) 649 | -8/Materials | Entered Factory 649 | -7/Factory | Evolved 2 slots: Utility x2 650 | -7/Factory | Caught up to 7R-MNS 890 | -7/Factory | Fabricated VTOL Module (x2) 961 | -7/Factory | Fabricated O-24 Administrator? 1027 | -7/Factory | Fabricated Y-54 Guardian (x2) 1069 | -7/Factory | Discovered new exit (range 4) 1085 | -7/Factory | Discovered new exit (range 5) 1146 | -7/Factory | Lost 3 parts (2n1w) 1210 | -7/Factory | Entered another Factory area 1210 | -6/Factory | Accompanied by 2 allies 1210 | -6/Factory | Evolved 2 slots: Utility x2 1211 | -6/Factory | Caught up to 7R-MNS 1391 | -6/Factory | Repaired VTOL Module+ 1573 | -6/Factory | Discovered new exit (range 4) 1616 | -6/Factory | Lost 3 parts (1p1n1u) 1628 | -6/Factory | Build established: Scavenger-Sprinter 1633 | -6/Factory | Entered Extension 1690 | -6/Extension | Released all parts (8) 1701 | -6/Extension | System corruption reached 10% 1703 | -6/Extension | Core integrity fell below 50% 1714 | -6/Extension | Core integrity fell below 20% 1716 | -6/Extension | System corruption reached 30% 1718 | -6/Extension | Lost 7 parts (1p4n1u1w) 1720 | -6/Extension | Core destroyed Last Messages --------------- 01712_ Slammed into Wall. 01712_ Destabilizing: Core damaged (-25). 01713_ System corrupted: Component data lost. 01713_ Slammed into Wall. 01713_ Destabilizing: System corrupted (+2). 01713_ Destabilizing: Core damaged (-42). 01714_ Slammed into Wall. 01714_ Destabilizing: Core damaged (-8). 01715_ Slammed into Wall. 01715_ Destabilizing: System corrupted (+1). 01715_ Destabilizing: System corrupted (+2). 01716_ Slammed into Wall. 01716_ Destabilizing: Core damaged (-42). 01716_ Destabilizing: System corrupted (+2). 01717_ Slammed into Wall. 01718_ Destabilizing: Core damaged (-25). 01719_ Slammed into Wall. 01719_ Destabilizing: Core damaged (-42). 01719_ Destabilizing: System corrupted (+2). 01720_ Slammed into Wall. Map ----- +----------------------------------------------------+ | | | | | | | | | | | | | | | | | | | | | | | ??????????????????????????????? | | ??????????????????????????????? | | ??????????????????????????????? | | ??????????????????????????????? | | ??????????????????????????????? | | ??????????????????????????????? | | ??????????????????????????????? | | ??????????????????????????????? | | ??????????????????????????????? | | ??????????????????????????????? | | ??????????????????????????????? | | ??????????????????????????????? | | ?????###########??????????????? | | ?????#%!* ???????? | | ?????#@#########??????????????? | | ?????#!#??????????????????????? | | ?????#[#??????????????????????? | | ?????#*#??????????????????????? | | ?????#/#??????????????????????? | | ?????#!#??????????????????????? | | ?????# #??????????????????????? | | ?????# #??????????????????????? | | ?????# #??????????????????????? | | ?????# #??????????????????????? | | ?????# #??????????????????????? | | ?????# #??????????????????????? | | ?????# #??????????????????????? | | ?????# #??????????????????????? | | ?????# #??????????????????????? | | ?????# #??????????????????????? | | ?????# #??????????????????????? | | ?????# #??????????????????????? | | ?????# #??????????????????????? | | ?????# #??????????????????????? | | ?##### #####??????????????????? | | ?# "" "" #??????????????????? | | ?# " " ##########?????????? | | ?# ????????? | | ?# ????????? | +----------------------------------------------------+ Best States ------------- Heat Dissipation 65 Energy Generation 31 Energy Capacity 350 Matter Stores 300 Matter Capacity 300 Sight Range 20 Terrain Scan Density 10 Additional Mass Support 6 Evasion (%) 65 Targeting Accuracy 5 Core Analysis 6 Offensive Hacking 20 Item Schematics ----------------- VTOL Module | -8/Materials | Hacked Robot Schematics ------------------ None Fabricated ------------ VTOL Module | x2 | -7/Factory O-24 Administrator | x1 | -7/Factory | Preloaded Y-54 Guardian | x2 | -7/Factory | Preloaded Repaired ---------- VTOL Module | 28% | -6/Factory Studied --------- Deuterium Engine | -8/Materials | Hacked VTOL Module | -6/Factory | Hacked Mic. Nuclear Core | -6/Factory | Hacked Arm. Wheel | -6/Factory | Hacked Alien Tech Used ----------------- None Achievements -------------- Can't Catch Me Challenges ------------ None Game ------ Seed SapperShiftAutobeam Manual? 0 Play Time 00:38:30 Cumulative 61.1 hours Start 2026.02.27 @ 22:30:19 End 2026.02.27 @ 23:09:03 Sessions 1 Manual Loads 0 Difficulty Rogue Special Mode None Game No. 192 Rogue 192 Adventurer 0 Explorer 0 Win Type - Total 0 Types 0/0/0/0/0/0/0/0/0/0 Lore% 62 Gallery% 36 Achievement% 33 Wizard Run 0 Options --------- Layout 0 ASCII 0 Keyboard 0 Movement Arrows Keybinds 0 Fullscreen 1 Font 24/Terminus Map View 64x52 Zoom Use 0% Tactical HUD 1 Map Filters NONE Filters NONE Steam 1 RUN: 0d1f2abb-0a72-4b14-9ec8-fab3ae5e077e